 Dungeon Crawl Stone Soup version 0.18.1-48-g4cf74bf (webtiles) character file.

61 MistressOfTheDunes the Insei (level 3, -9/29 HPs)
             Began as a Mummy Monk on June 26, 2016.
             Killed from afar by Sigmund (15 damage)
             ... with a puff of flame
             ... on level 2 of the Dungeon.
             The game lasted 00:01:59 (1966 turns).

MistressOfTheDunes the Insei (Mummy Monk)           Turns: 1966, Time: 00:01:59

Health: -9/29      AC:  1    Str: 14    XL:     3   Next: 83%
Magic:  3/3        EV: 13    Int:  9    God:
Gold:   15         SH:  0    Dex: 15    Spells: 0 memorised, 2 levels left

rFire  x . .     SeeInvis .       - Unarmed
rCold  + . .     Gourm    .     (no armour)
rNeg   + + +     Faith    .     (no shield)
rPois  ∞         Spirit   .     (no helmet)
rElec  .         Dismiss  .     (no cloak)
rCorr  .         Reflect  .     b - +0 pair of gloves
SustAt .         Harm     .     (no boots)
MR     .....                    (no amulet)
Stlth  +.........               (no ring)
                                (no ring)

@: confused, not resistant to hostile enchantments, very unstealthy
A: no food or potions, fire vulnerability, cold resistance 1, negative energy
resistance 3, torment resistance, unbreathing
a: no special abilities


You were on level 2 of the Dungeon.
You were not hungry.

You visited 1 branch of the dungeon, and saw 2 of its levels.

You collected 15 gold pieces.


Innate Abilities, Weirdness & Mutations

You do not eat or drink.
Your flesh is vulnerable to fire.
You are immune to poison.
Your flesh is cold resistant.
You are immune to negative energy.
You are immune to unholy pain and torment.
You can survive without breathing.


   Skills:
 - Level 3.0 Fighting
 - Level 2.4 Dodging
 - Level 1.5 Stealth
 + Level 4.5 Unarmed Combat


You had 2 spell levels left.
You didn't know any spells.

Inventory:

Armour
 b - a +0 pair of gloves (worn)
Scrolls
 a - a scroll of recharging (quivered)
 c - 2 scrolls of teleportation {@r4}
 d - a scroll of remove curse
 e - a scroll of fear
 f - a scroll of blinking
 g - a scroll of identify {@r1}

Dungeon Overview and Level Annotations

Branches:
Dungeon (2/15)

Altars:
Ru

Annotations:
D:2 Sigmund

.▒.▒▒▒>▒▒.▒..........▒.▒ ▒..▒....
..▒▒ ▒▒..▒.▒....▒▒▒▒.▒.▒ ▒.▒..▒..
▒▒.▒▒▒.......).......▒.▒ ▒.......
▒▒.▒....▒......▒▒▒..▒.▒ ▒▒▒▒▒▒▒.
▒▒▒▒..▒.▒.▒.▒.▒.▒ ▒..▒.▒ ▒....@..
......▒.▒.▒.▒.▒>▒▒▒..▒.▒ ▒▒@▒▒▒▒▒
.▒▒▒▒▒▒.▒.▒............▒ ▒.▒ ▒
......▒.........▒▒▒..▒.▒ ▒.▒ ▒
.▒▒▒▒.▒...▒▒▒...M....@.▒ ▒.▒
....▒.▒...▒▒▒▒▒.▒▒▒..▒.▒▒▒▒.▒▒▒▒▒
.▒▒.▒.▒.........▒ ▒..........▒▒..
..▒.▒.▒...▒▒▒▒▒▒▒ ▒▒..........▒.▒
_...)...▒.▒▒ ▒▒.▒▒▒▒▒▒.▒▒.▒
..▒÷▒.▒▒▒▒.▒ ▒.▒ ▒▒.▒.▒.▒
.▒▒.▒.▒▒▒.▒▒ ▒.▒ ▒▒.▒▒▒..▒
....▒.▒▒..▒ ▒▒▒▒▒▒▒ ▒.▒▒▒.▒▒ ▒▒.▒
.▒▒▒▒.▒.▒.▒▒▒.....▒ ▒.▒▒.▒▒ ▒▒.


You could see Sigmund.


Message History

You are confused!
You're too confused to move!!!
Sigmund points at you and mumbles some strange words!
The puff of flame hits you!!!
The fire burns you terribly!!! * * * don't die
* * * A worm comes into view!
You bump into the rock wall!
Sigmund says, "I'm your fate!"
The worm moves out of view!
You feel less confused!
Sigmund hits you from afar with a scythe!!! * * * don't die
* * * A dart slug comes into view!
Sigmund barely misses you!
The dart slug moves out of view!
Sigmund gestures at you while chanting!
You are confused!
You bump into the rock wall!
You feel less confused! Sigmund casts a spell at you!
You are confused!
Sigmund casts a spell at you!
You are more confused!
You bump into the rock wall!
Sigmund gestures at you while chanting!
You are more confused!
You bump into the rock wall!
Sigmund points at you and mumbles some strange words!
The puff of flame hits you!!! The fire burns you terribly!!!
DANG rip

Action                   || total
-------------------------++-------
Melee: Unarmed           ||   103
       Punch             ||     1
  Use: Scroll            ||     5
 Stab: Sleeping          ||     1
       Distracted        ||     2
Armor: Skin              ||     2
Dodge: Dodged            ||    78

Vault maps used:
D:1:      dpeg_arrival_brainrot
D:2:      nicolae_ru_sacrificial_ziggurat, hex_medium, hangedman_decor_opposing,
          uniq_sigmund

Notes
Turn   | Place    | Note
--------------------------------------------------------------
     0 | D:1      | MistressOfTheDunes the Mummy Monk began the quest for the Orb.
     0 | D:1      | Reached XP level 1. HP: 18/18 MP: 1/1
   347 | D:1      | Reached XP level 2. HP: 3/24 MP: 2/2
  1077 | D:2      | Reached skill level 4 in Unarmed Combat
  1474 | D:2      | Found a sacrificial altar of Ru.
  1479 | D:2      | Reached XP level 3. HP: 29/29 MP: 3/3
  1494 | D:2      | Noticed Sigmund
  1966 | D:2      | Killed from afar by Sigmund

Vanquished Creatures
  2 adders (D:2)
  4 dart slugs
  A giant gecko (D:1)
  2 bats
  4 giant cockroaches
  3 goblins
  3 hobgoblins (D:1)
  3 jackals (D:2)
  A quokka (D:2)
  2 giant newts
  3 kobolds
  5 rats
33 creatures vanquished.
